 Dungeon Crawl Stone Soup version 0.19.4-9-g45fd643 (webtiles) character file.

220 JeffiDaFish the Stinger (level 5, -3/29 HPs)
             Began as a Gargoyle Venom Mage on Feb 15, 2017.
             Slain by Grinder (6 damage)
             ... on level 4 of the Dungeon.
             The game lasted 00:11:03 (4238 turns).

JeffiDaFish the Stinger (Gargoyle Venom Mage)       Turns: 4238, Time: 00:11:03

Health: -3/29      AC:  8    Str: 12    XL:     5   Next: 97%
Magic:  2/9        EV: 12    Int: 15    God:
Gold:   194        SH:  0    Dex: 11    Spells: 2 memorised, 5 levels left

rFire  . . .     SeeInvis .     i - +0 whip
rCold  . . .     Gourm    .     a - +2 robe
rNeg   + . .     Faith    .     (no shield)
rPois  ∞         Spirit   .     (no helmet)
rElec  +         Reflect  .     (no cloak)
rCorr  .         Harm     .     (no gloves)
MR     +....                    (no boots)
Stlth  ++........               (no amulet)
                                (no ring)
                                h - ring of protection from magic

@: no status effects
A: negative energy resistance 1, electricity resistance, unbreathing,
petrification resistance, rot immunity, AC +4
a: no special abilities


You were on level 4 of the Dungeon.
You were near starving.

You visited 1 branch of the dungeon, and saw 4 of its levels.
You also visited: Sewer.

You collected 194 gold pieces.

Inventory:

Hand Weapons
 e - a +0 short sword
 i - a +0 whip (weapon)
Armour
 a - a +2 robe (worn)
 f - a +2 plate armour of cold resistance
Jewellery
 h - a ring of protection from magic (left hand)
Scrolls
 d - a scroll of identify
Books
 b - a Young Poisoner's Handbook

   Spells                             Type                      Level
   a - Sting                          Conjuration/Poison           1
   b - Mephitic Cloud                 Conjuration/Poison/Air       3
   c - Olgreb's Toxic Radiance        Poison                       4
   d - Alistair's Intoxication        Transmutation/Poison         5
   e - Venom Bolt                     Conjuration/Poison           5
Comestibles
 c - a bread ration
 g - 2 meat rations


   Skills:
 + Level 1.5 Fighting
 + Level 1.8 Short Blades
 + Level 0.2 Maces & Flails
 + Level 2.2 Dodging
 + Level 2.7 Stealth
 + Level 0.2 Unarmed Combat
 + Level 2.9 Spellcasting
 + Level 1.6 Conjurations
 + Level 0.1 Air Magic
 + Level 4.7 Poison Magic


You had 5 spell levels left.
You knew the following spells:

 Your Spells              Type           Power        Failure   Level  Hunger
a - Sting                 Conj/Pois      ##..         8%          1    #......
b - Mephitic Cloud        Conj/Pois/Air  #.......     30%         3    ###....


Dungeon Overview and Level Annotations

Branches:
Dungeon (4/15)
 Temple: D:4-7

Altars:
Ru

Annotations:
D:4 Grinder


Innate Abilities, Weirdness & Mutations

You are resistant to torment.
Your stone body is resilient. (AC +4)
You are immune to poison.
You resist negative energy. (rN+)
You are resistant to electric shocks. (rElec)
You can survive without breathing.
You are immune to petrification.
You are immune to rotting.


Message History

You hit the bullfrog skeleton.
The bullfrog skeleton is heavily damaged.
The bullfrog skeleton hits you. The quokka misses you. Grinder hits you.
The bullfrog skeleton hits you but does no damage.
You hit the bullfrog skeleton.
The bullfrog skeleton is severely damaged.
The quokka bites you but does no damage.
The bullfrog skeleton closely misses you.
Grinder hits you but does no damage. The quokka bites you.
A giant cockroach, an orc and a slave come into view.
Unknown command.
You hit Grinder but do no damage.
The bullfrog skeleton hits you but does no damage.
Grinder hits you!
* * * LOW HITPOINT WARNING * * *
You writhe in agony.
* * * LOW HITPOINT WARNING * * *
The quokka closely misses you. The bullfrog skeleton misses you.
Grinder hits you.
You die...

. # #.#.###
..s..$.#####
#.........#
#....r@...#
#..h..Z5..#
#.........#
#.........#
#.........p.
#.........##.
#..o.#..... #
#....#.###.#


You could see Grinder, a slave, an orc, a quokka, a jackal (confused), a giant
cockroach and a bullfrog skeleton.

Vanquished Creatures
  Purgy (Sewer)
  4 adders
  2 oozes
  3 worms
  A dart slug (D:1)
  2 leopard geckos
  An orc (D:3)
  3 giant cockroaches
  5 goblins
  5 hobgoblins
  12 jackals
  A quokka (D:2)
  2 ball pythons
  11 bats
  3 frilled lizards
  7 kobolds
  9 rats
72 creatures vanquished.

Notes
Turn   | Place    | Note
-------+----------+-------------------------------------------
     0 | D:1      | JeffiDaFish the Gargoyle Venom Mage began the quest for the Orb.
     0 | D:1      | Reached XP level 1. HP: 10/10 MP: 3/3
   366 | D:1      | Reached XP level 2. HP: 14/15 MP: 0/5
   936 | D:2      | Reached XP level 3. HP: 20/20 MP: 1/6
   946 | D:2      | Learned a level 3 spell: Mephitic Cloud
  1825 | D:3      | Found a faded altar of an unknown god.
  1862 | D:3      | Reached XP level 4. HP: 24/24 MP: 5/7
  2147 | D:3      | Reached skill level 1 in Conjurations
  2177 | D:3      | Found a sacrificial altar of Ru.
  2235 | D:3      | Reached skill level 1 in Fighting
  2335 | D:3      | Found a glowing drain.
  2348 | D:3      | Reached skill level 1 in Short Blades
  2354 | Sewer    | Entered a sewer
  2390 | Sewer    | Noticed Purgy
  2493 | Sewer    | Killed Purgy
  2493 | Sewer    | Reached XP level 5. HP: 11/29 MP: 2/9
  4224 | D:4      | Noticed Grinder
  4237 | D:4      | Noticed a slave
  4238 | D:4      | Slain by Grinder

Skill      XL: |  1  2  3  4 |
---------------+-------------+-----
Conjurations   | 1 |  1.6
Fighting       | 1 |  1.5
Short Blades   | 1 |  1.8
Dodging        | 2 |  2.2
Maces & Flails | |  0.2
Stealth        | |  2.7
Unarmed Combat | |  0.2
Spellcasting   | |  2.9
Air Magic      | |  0.1
Poison Magic   | |  4.7

Action                   |  1- 3 |  4- 6 || total
-------------------------+-------+-------++-------
Melee: Short sword       |   110 |   439 ||   549
       Unarmed           |     5 |       ||     5
       Whip              |       |   123 ||   123
 Cast: Sting             |    36 |    37 ||    73
       Mephitic Cloud    |       |    10 ||    10
  Use: Scroll            |     4 |     2 ||     6
       Potion            |     2 |     2 ||     4
 Stab: Confused          |       |     4 ||     4
       Sleeping          |       |     1 ||     1
  Eat: Chunk             |     4 |     4 ||     8
       Meat ration       |       |     1 ||     1
Armor: Robe              |    49 |   186 ||   235
Dodge: Dodged            |    91 |   324 ||   415
